Remparts vs Inferno
(R1)
Created - November 18, 2020 at 19:54
Goals
|
| Remparts |
1 |
1 |
3 |
5 |
| Inferno |
0 |
1 |
2 |
3 |
|
Shots
|
| Remparts |
7 |
13 |
7 |
27 |
| Inferno |
9 |
6 |
13 |
28 |
|
1st period
1. Remparts , Tobias Rieder 10 (Michal Jordan 5, Aleksander Barkov 16) at 6:27
Penalties :
Greg Pateryn (Anc) for Holding (Minor) at 0:49, Philip Varone (Anc) for Hooking (Minor) at 6:30, Kevin Labanc (Anc) for Tripping (Minor) at 11:59
2nd period
2. Remparts , Pontus Aberg 9 (Aleksander Barkov 17, Tobias Rieder 10) at 0:13
3. Inferno , Kevin Labanc 5 (Matthew Nieto 6, Tanner Pearson 7) at 11:50
Penalties :
Chris Brown (Anc) for Roughing (Minor) at 4:06, Jake Virtanen (Que) for Hooking (Minor) at 6:59, Tobias Rieder (Que) for Hooking (Minor) at 14:11
3rd period
4. Inferno , Esa Lindell 4 (Tanner Pearson 8, Kevin Labanc 14) at 2:43 (PP)
5. Remparts , Michael Latta 5 (Matt Puempel 3, Griffin Reinhart 3) at 3:43
6. Remparts , Michael Latta 6 (John Draeger 4, Jake Virtanen 3) at 4:18
7. Remparts , Jerry D'Amigo 3 (Kirill Kaprizov 2) at 10:14
8. Inferno , Kevin Labanc 6 (Matthew Nieto 7, Victor Rask 6) at 17:44
Penalties :
Tobias Rieder (Que) for Holding (Minor) at 1:13, Aleksander Barkov (Que) for Roughing (Minor) at 4:45, William Colbert (Que) for Hooking (Minor) at 7:29, Tobias Rieder (Que) for Hooking (Minor) at 12:46
Goalie Stats
Igor Bobkov (Que), 25 saves from 28 shots - (0.893), W, 5-2-0, 60:00 minutes
Michael Hutchinson (Anc), 22 saves from 27 shots - (0.815), L, 6-2-3, 60:00 minutes
Players Stats for Remparts
Player Name G A P +/- PIM S H SB GA TA FO MP PP MP PK MP
------------------------------------------------------------------------------------
Aaron Ekblad 0 0 0 2 0 0 1 2 1 0 0/0 30:25 4:43 6:35
Aleksander Barkov 0 2 2 1 2 1 1 1 0 0 14/29 19:49 4:04 0:00
Cedric Paquette 0 0 0 0 0 1 2 0 0 0 1/1 9:28 0:18 2:46
Griffin Reinhart 0 1 1 1 0 3 1 0 0 2 0/0 17:54 3:13 0:54
Jake Virtanen 0 1 1 1 2 1 0 0 0 0 0/1 13:31 3:30 0:00
Jerry D'Amigo 1 0 1 1 0 4 0 0 0 0 0/0 11:29 0:22 2:30
John Draeger 0 1 1 -1 0 0 2 0 0 1 0/0 12:48 0:00 4:51
Kirill Kaprizov 0 1 1 1 0 0 1 0 0 1 0/1 13:00 0:22 4:09
Matt Puempel 0 1 1 1 0 3 0 1 0 1 0/1 13:41 3:30 0:11
Michael Latta 2 0 2 1 0 2 3 0 0 0 8/26 20:25 3:34 6:09
Michael McCarron 0 0 0 0 0 0 1 0 0 0 0/0 6:01 0:00 0:00
Michal Jordan 0 1 1 3 0 1 0 2 1 1 0/0 22:43 4:43 0:04
Niklas Hansson 0 0 0 -1 0 0 1 3 0 1 0/0 15:22 0:00 6:41
Pontus Aberg 1 0 1 1 0 5 2 0 0 1 1/3 19:16 4:04 0:00
Quinton Howden 0 0 0 1 0 1 1 0 0 0 5/8 10:51 0:00 2:30
Roberts Lipsbergs 0 0 0 0 0 1 2 0 0 0 0/0 7:37 0:00 1:36
Tobias Rieder 1 1 2 1 6 4 3 3 1 1 2/3 23:14 4:04 2:59
William Colbert 0 0 0 2 2 0 1 1 0 1 0/0 20:55 3:13 3:45
Players Stats for Inferno
Player Name G A P +/- PIM S H SB GA TA FO MP PP MP PK MP
------------------------------------------------------------------------------------
Barclay Goodrow 0 0 0 0 0 1 1 1 0 0 0/0 8:03 0:14 0:00
Bryan Rust 0 0 0 -1 0 3 1 0 0 0 1/1 19:19 0:44 4:15
Chris Brown 0 0 0 0 2 1 1 1 0 1 1/4 10:08 0:39 1:12
David Savard 0 0 0 0 0 3 3 1 3 0 0/0 30:35 7:03 4:23
Esa Lindell 1 0 1 0 0 3 0 1 1 1 0/0 30:35 7:03 4:23
Evgeny Svechnikov 0 0 0 -2 0 0 1 0 1 0 0/0 11:56 4:22 0:00
Frank Corrado 0 0 0 0 0 1 0 0 0 0 0/0 8:16 0:51 0:00
Greg Pateryn 0 0 0 -3 2 2 3 1 0 0 0/0 20:44 3:31 2:26
Jake DeBrusk 0 0 0 -2 0 0 1 1 0 0 0/1 13:33 4:22 0:54
Kevin Labanc 2 1 3 0 2 2 0 0 1 0 2/2 16:17 6:05 0:00
Mathieu Brodeur 0 0 0 -3 0 1 1 0 0 1 0/0 21:09 3:31 3:33
Matthew Nieto 0 2 2 0 0 0 1 0 1 0 0/1 13:42 0:44 2:47
Peter Cehlarik 0 0 0 0 0 0 1 0 0 0 0/0 8:22 0:33 0:00
Philip Varone 0 0 0 -1 2 3 1 1 0 0 17/35 17:56 0:00 3:15
Rasmus Andersson 0 0 0 0 0 1 1 0 0 0 0/0 8:47 0:51 1:07
Ryan Spooner 0 0 0 -2 0 1 0 0 1 0 5/9 15:11 4:22 3:13
Tanner Pearson 0 2 2 -1 0 4 1 1 2 0 0/0 20:28 6:05 0:00
Victor Rask 0 1 1 0 0 2 2 2 0 0 16/20 16:59 6:05 0:16
3 Stars
1 - Michael Latta (Que)
2 - Kevin Labanc (Anc)
3 - Pontus Aberg (Que)
Power Play
Remparts - 0 on 4 Attempt(s) - 0.00%
Inferno - 1 on 6 Attempt(s) - 16.67%
Penalty Kill
Remparts - 5 on 6 Attempt(s) - 83.33%
- Score 0 goal in Penalty Kill
Inferno - 4 on 4 Attempt(s) - 100.00%
- Score 0 goal in Penalty Kill
Team Stat
Remparts - Hits : 22 - Faceoff Wins : 31 - Blocked Shots : 13 - Penalty Minutes : 12
Inferno - Hits : 19 - Faceoff Wins : 42 - Blocked Shots : 10 - Penalty Minutes : 8
Official
Referees : Unknown
Linesman : Unknown
Game Notes
No Game Note
Finance
Level 1 -- Attendance: 1300 (65.00%) -- Ticket Income $52,000
Level 2 -- Attendance: 682 (68.20%) -- Ticket Income $13,640
Total Attendance: 1982 (66.07%)
Total Ticket Income: $65,640
Other Income: $3,282
Total Income: $68,922
Remparts
5 vs 5 Forward
Center Left Wing Right Wing Time % Phy DF OF
1 Aleksander Barkov Pontus Aberg Tobias Rieder 40 0 2 3
2 Michael Latta Matt Puempel Jake Virtanen 30 0 2 3
3 Quinton Howden Kirill Kaprizov Jerry D'Amigo 20 0 3 2
4 Cedric Paquette Roberts Lipsbergs Michael McCarron 10 1 2 2
5 vs 5 Defense
Defense Defense Time % Phy DF OF
1 Aaron Ekblad Michal Jordan 40 0 2 3
2 William Colbert Griffin Reinhart 30 0 2 3
3 Niklas Hansson John Draeger 20 1 2 2
4 Aaron Ekblad Griffin Reinhart 10 0 2 3
PowerPlay Forward
Center Left Wing Right Wing Time % Phy DF OF
1 Aleksander Barkov Pontus Aberg Tobias Rieder 60 0 1 4
2 Michael Latta Matt Puempel Jake Virtanen 40 0 1 4
PowerPlay Defense
Defense Defense Time % Phy DF OF
1 Aaron Ekblad Michal Jordan 60 0 2 3
2 Griffin Reinhart William Colbert 40 0 2 3
Penalty Kill 4 Players Forward
Center Wing Time % Phy DF OF
1 Michael Latta Tobias Rieder 60 1 3 1
2 Quinton Howden Jerry D'Amigo 40 1 3 1
Penalty Kill 4 Players Defense
Defense Defense Time % Phy DF OF
1 Aaron Ekblad Niklas Hansson 60 1 4 0
2 William Colbert John Draeger 40 1 4 0
Penalty Kill - 3 Players Forward
Forward Time % Phy DF OF
1 Michael Latta 60 1 3 1
2 Tobias Rieder 40 1 3 1
Penalty Kill - 3 Players Defense
Defense Defense Time % Phy DF OF
1 Niklas Hansson Aaron Ekblad 60 1 4 0
2 John Draeger William Colbert 40 1 4 0
4 vs 4 Forward
Center Wing Time % Phy DF OF
1 Aleksander Barkov Pontus Aberg 60 0 2 3
2 Michael Latta Tobias Rieder 40 0 2 3
4 vs 4 Defense
Defense Defense Time % Phy DF OF
1 Aaron Ekblad Michal Jordan 60 0 2 3
2 William Colbert Griffin Reinhart 40 0 2 3
Last Minutes Offensive
Center Left Wing Right Wing Defense Defense
Aleksander Barkov Pontus Aberg Tobias Rieder Aaron Ekblad Griffin Reinhart
Last Minutes Defensive
Center Left Wing Right Wing Defense Defense
Aleksander Barkov Pontus Aberg Tobias Rieder Aaron Ekblad Niklas Hansson
Goaltenders
Starting : Igor Bobkov
Backup : Garret Sparks
Extra Forwards
Normal : Tobias Rieder, Aleksander Barkov, Pontus Aberg - PP : Jake Virtanen, Aleksander Barkov - PK : Michael Latta
Extra Defensemen
Normal : Griffin Reinhart, Aaron Ekblad, Michal Jordan - PP : Niklas Hansson - PK : John Draeger, Aaron Ekblad
Penalty Shots
Aleksander Barkov, Tobias Rieder, Pontus Aberg, Quinton Howden, Jerry D'Amigo
Scratches
Viktor Baldayev (Healthy), Juuso Ikonen (Healthy), Michael Downing (Healthy), Keaton Thompson (Healthy), Kyle Platzer (Healthy)
Connor Honey (Healthy), Caleb Jones (Healthy), Lukas Vejdemo (Healthy), Kyle Capobianco (Healthy), Dmytro Timashov (Healthy)
Anton Zlobin (Healthy), Mitchell Heard (Healthy), Nelson Nogier (Healthy), Marek Langhamer (Healthy)
Inferno
5 vs 5 Forward
Center Left Wing Right Wing Time % Phy DF OF
1 Philip Varone Tanner Pearson Bryan Rust 40 1 2 2
2 Victor Rask Matthew Nieto Kevin Labanc 30 1 2 2
3 Ryan Spooner Jake DeBrusk Evgeny Svechnikov 20 1 2 2
4 Chris Brown Peter Cehlarik Barclay Goodrow 10 1 2 2
5 vs 5 Defense
Defense Defense Time % Phy DF OF
1 David Savard Esa Lindell 40 1 2 2
2 Mathieu Brodeur Greg Pateryn 30 1 2 2
3 Frank Corrado Rasmus Andersson 20 1 2 2
4 Mathieu Brodeur Greg Pateryn 10 1 2 2
PowerPlay Forward
Center Left Wing Right Wing Time % Phy DF OF
1 Victor Rask Tanner Pearson Kevin Labanc 60 1 2 2
2 Ryan Spooner Jake DeBrusk Evgeny Svechnikov 40 1 2 2
PowerPlay Defense
Defense Defense Time % Phy DF OF
1 David Savard Esa Lindell 60 1 2 2
2 Mathieu Brodeur Greg Pateryn 40 1 2 2
Penalty Kill 4 Players Forward
Center Wing Time % Phy DF OF
1 Philip Varone Bryan Rust 60 1 2 2
2 Ryan Spooner Matthew Nieto 40 1 2 2
Penalty Kill 4 Players Defense
Defense Defense Time % Phy DF OF
1 David Savard Esa Lindell 60 1 2 2
2 Mathieu Brodeur Greg Pateryn 40 1 2 2
Penalty Kill - 3 Players Forward
Forward Time % Phy DF OF
1 Philip Varone 60 1 2 2
2 Bryan Rust 40 1 2 2
Penalty Kill - 3 Players Defense
Defense Defense Time % Phy DF OF
1 David Savard Esa Lindell 60 1 2 2
2 Mathieu Brodeur Greg Pateryn 40 1 2 2
4 vs 4 Forward
Center Wing Time % Phy DF OF
1 Philip Varone Tanner Pearson 60 1 2 2
2 Victor Rask Bryan Rust 40 1 2 2
4 vs 4 Defense
Defense Defense Time % Phy DF OF
1 David Savard Esa Lindell 60 1 2 2
2 Mathieu Brodeur Greg Pateryn 40 1 2 2
Last Minutes Offensive
Center Left Wing Right Wing Defense Defense
Philip Varone Tanner Pearson Bryan Rust David Savard Esa Lindell
Last Minutes Defensive
Center Left Wing Right Wing Defense Defense
Philip Varone Tanner Pearson Bryan Rust David Savard Esa Lindell
Goaltenders
Starting : Michael Hutchinson
Backup : Antti Raanta
Extra Forwards
Normal : Jake DeBrusk, Matthew Nieto, Evgeny Svechnikov - PP : Evgeny Svechnikov, Matthew Nieto - PK : Ryan Spooner
Extra Defensemen
Normal : Mathieu Brodeur, Greg Pateryn, Rasmus Andersson - PP : Greg Pateryn - PK : Mathieu Brodeur, Greg Pateryn
Penalty Shots
Tanner Pearson, Jake DeBrusk, Evgeny Svechnikov, Kevin Labanc, Victor Rask
Scratches
Tyler Shattock (Healthy), Christian Jaros (Healthy), Trevor Carrick (Healthy), Petteri Lindbohm (Healthy), Alexander True (Healthy)
Eric Karlsson (Healthy), John Gilmour (Healthy), Vladimir Sobotka (Head Injury), Ryan Donato (Healthy), Vladislav Kamenev (Healthy)
Dominik Masin (Healthy), Brandon Hickey (Healthy), Nathan Lieuwen (Healthy), Vitek Vanecek (Healthy)
% Time on Ice - Remparts
Lines # - Real PCT - Wanted PCT - Time Play
Normal Forward
1 - 40% - 40% - 16:11
2 - 26% - 30% - 10:27
3 - 20% - 20% - 8:00
4 - 15% - 10% - 6:01
Normal Defense
1 - 45% - 40% - 18:09
2 - 34% - 30% - 13:58
3 - 19% - 20% - 7:42
4 - 2% - 10% - 0:50
PP Forward
1 - 55% - 60% - 4:22
2 - 45% - 40% - 3:34
PP Defense
1 - 59% - 60% - 4:43
2 - 41% - 40% - 3:13
PK Forward
1 - 78% - 60% - 8:55
2 - 22% - 40% - 2:30
PK Defense
1 - 57% - 60% - 6:30
2 - 43% - 40% - 4:55
PK3 Forward
1 - 0% - 60%
2 - 0% - 40%
PK3 Defense
1 - 0% - 60%
2 - 0% - 40%
44 Forward
1 - 0% - 60%
2 - 0% - 40%
44 Defense
1 - 0% - 60%
2 - 0% - 40%
Last Minute Offensive - 0:00
Last Minute Defensive - 0:00
Total
Forward - 60:00
Defense - 60:00
|
% Time on Ice - Inferno
Lines # - Real PCT - Wanted PCT - Time Play
Normal Forward
1 - 39% - 40% - 15:47
2 - 25% - 30% - 10:02
3 - 17% - 20% - 7:06
4 - 19% - 10% - 7:44
Normal Defense
1 - 47% - 40% - 19:09
2 - 32% - 30% - 13:10
3 - 18% - 20% - 7:25
4 - 2% - 10% - 0:55
PP Forward
1 - 53% - 60% - 6:05
2 - 47% - 40% - 5:20
PP Defense
1 - 69% - 60% - 7:54
2 - 31% - 40% - 3:31
PK Forward
1 - 65% - 60% - 5:09
2 - 35% - 40% - 2:47
PK Defense
1 - 55% - 60% - 4:23
2 - 45% - 40% - 3:33
PK3 Forward
1 - 0% - 60%
2 - 0% - 40%
PK3 Defense
1 - 0% - 60%
2 - 0% - 40%
44 Forward
1 - 0% - 60%
2 - 0% - 40%
44 Defense
1 - 0% - 60%
2 - 0% - 40%
Last Minute Offensive - 0:00
Last Minute Defensive - 0:00
Total
Forward - 60:00
Defense - 60:00
|
Play-by-Play
1st period
0:01 of 1st period - Aleksander Barkov wins face-off versus Philip Varone in neutral zone.
0:49 of 1st period - Minor Penalty to Greg Pateryn for Holding.
0:50 of 1st period - Philip Varone wins face-off versus Aleksander Barkov in Inferno zone.
2:49 of 1st period - Penalty to Greg Pateryn is over, Greg Pateryn is back on ice.
3:01 of 1st period - Roberts Lipsbergs is hit by David Savard and loses puck.
3:28 of 1st period - John Draeger is hit by Greg Pateryn.
3:45 of 1st period - Esa Lindell is hit by Roberts Lipsbergs and loses puck.
3:54 of 1st period - William Colbert is hit by Jake DeBrusk and loses puck.
4:21 of 1st period - Slapshot by Esa Lindell.
4:21 of 1st period - Shot Blocked by Matt Puempel.
4:23 of 1st period - Slapshot by David Savard.
4:23 of 1st period - Stopped by Igor Bobkov without a rebound.
4:24 of 1st period - Michael Latta wins face-off versus Chris Brown in Remparts zone.
4:33 of 1st period - Snap shot by Chris Brown.
4:33 of 1st period - Stopped by Igor Bobkov without a rebound.
4:34 of 1st period - Philip Varone wins face-off versus Aleksander Barkov in Remparts zone.
4:35 of 1st period - Snap shot by Bryan Rust.
4:35 of 1st period - Shot Blocked by Tobias Rieder.
4:37 of 1st period - Snap shot by Mathieu Brodeur.
4:37 of 1st period - Deflect By Tobias Rieder.
4:37 of 1st period - Stopped by Igor Bobkov with a rebound.
4:39 of 1st period - Snap shot by Philip Varone.
4:39 of 1st period - Stopped by Igor Bobkov without a rebound.
4:40 of 1st period - Philip Varone wins face-off versus Aleksander Barkov in Remparts zone.
5:20 of 1st period - Matt Puempel is hit by Victor Rask and loses puck.
5:39 of 1st period - Wrist shot by Griffin Reinhart.
5:39 of 1st period - Shot Misses the Net.
5:41 of 1st period - Slapshot by Griffin Reinhart.
5:41 of 1st period - Shot Blocked by Barclay Goodrow.
5:45 of 1st period - Wrist shot by Griffin Reinhart.
5:45 of 1st period - Stopped by Michael Hutchinson with a rebound.
5:57 of 1st period - Backhand shot by Bryan Rust.
5:57 of 1st period - Shot Blocked by Aaron Ekblad.
6:23 of 1st period - Wrist shot by Tobias Rieder.
6:23 of 1st period - Stopped by Michael Hutchinson with a rebound.
6:25 of 1st period - Slapshot by Michal Jordan.
6:25 of 1st period - Shot Misses the Net.
6:27 of 1st period - Snap shot by Tobias Rieder.
6:27 of 1st period - Goal by Tobias Rieder - Remparts : 1 - Inferno : 0.
6:28 of 1st period - Bryan Rust wins face-off versus Aleksander Barkov in neutral zone.
6:30 of 1st period - Minor Penalty to Philip Varone for Hooking.
6:31 of 1st period - Aleksander Barkov wins face-off versus Ryan Spooner in Inferno zone.
6:35 of 1st period - Snap shot by Aleksander Barkov.
6:35 of 1st period - Stopped by Michael Hutchinson with a rebound.
8:30 of 1st period - Penalty to Philip Varone is over, Philip Varone is back on ice.
8:32 of 1st period - Mathieu Brodeur is hit by Griffin Reinhart and loses puck.
8:49 of 1st period - Matthew Nieto is hit by Quinton Howden and loses puck.
9:22 of 1st period - Snap shot by Philip Varone.
9:22 of 1st period - Stopped by Igor Bobkov with a rebound.
9:52 of 1st period - Off-side.
9:53 of 1st period - Kevin Labanc wins face-off versus Aleksander Barkov in neutral zone.
10:23 of 1st period - Wrist shot by Michael Latta.
10:23 of 1st period - Shot Misses the Net.
10:35 of 1st period - Slapshot by Michal Jordan.
10:35 of 1st period - Shot Misses the Net.
10:43 of 1st period - Slapshot by Michal Jordan.
10:43 of 1st period - Shot Hit the Post.
10:45 of 1st period - Slapshot by Aaron Ekblad.
10:45 of 1st period - Shot Blocked by Jake DeBrusk.
11:09 of 1st period - Snap shot by Aleksander Barkov.
11:09 of 1st period - Shot Misses the Net.
11:11 of 1st period - Slapshot by Aaron Ekblad.
11:11 of 1st period - Shot Misses the Net.
11:18 of 1st period - Icing by David Savard.
11:19 of 1st period - Chris Brown wins face-off versus Michael Latta in Inferno zone.
11:59 of 1st period - Minor Penalty to Kevin Labanc for Tripping.
12:00 of 1st period - Aleksander Barkov wins face-off versus Philip Varone in Inferno zone.
12:16 of 1st period - Wrist shot by Pontus Aberg.
12:16 of 1st period - Shot Hit the Post.
12:54 of 1st period - Greg Pateryn is hit by Michael Latta and loses puck.
13:59 of 1st period - Penalty to Kevin Labanc is over, Kevin Labanc is back on ice.
14:15 of 1st period - Rasmus Andersson is hit by Cedric Paquette and loses puck.
14:30 of 1st period - Icing by Quinton Howden.
14:31 of 1st period - Ryan Spooner wins face-off versus Quinton Howden in Remparts zone.
14:49 of 1st period - David Savard is hit by Tobias Rieder and loses puck.
14:54 of 1st period - David Savard is hit by John Draeger and loses puck.
15:44 of 1st period - Barclay Goodrow is hit by Michael McCarron and loses puck.
15:49 of 1st period - Slapshot by Michal Jordan.
15:49 of 1st period - Shot Blocked by Greg Pateryn.
15:59 of 1st period - Slapshot by Aaron Ekblad.
15:59 of 1st period - Deflect By Roberts Lipsbergs.
15:59 of 1st period - Stopped by Michael Hutchinson without a rebound.
16:00 of 1st period - Tobias Rieder wins face-off versus Philip Varone in Inferno zone.
16:05 of 1st period - Wrist shot by Tobias Rieder.
16:05 of 1st period - Deflect By Pontus Aberg.
16:05 of 1st period - Stopped by Michael Hutchinson with a rebound.
16:07 of 1st period - Snap shot by Pontus Aberg.
16:07 of 1st period - Shot Misses the Net.
16:09 of 1st period - Snap shot by Pontus Aberg.
16:09 of 1st period - Shot Misses the Net.
16:15 of 1st period - Wrist shot by Pontus Aberg.
16:15 of 1st period - Stopped by Michael Hutchinson without a rebound.
16:16 of 1st period - Michael Latta wins face-off versus Matthew Nieto in Inferno zone.
16:41 of 1st period - Pontus Aberg is hit by Greg Pateryn and loses puck.
16:45 of 1st period - Icing by William Colbert.
16:46 of 1st period - Philip Varone wins face-off versus Aleksander Barkov in Remparts zone.
17:03 of 1st period - Snap shot by Esa Lindell.
17:03 of 1st period - Stopped by Igor Bobkov with a rebound.
17:05 of 1st period - Slapshot by David Savard.
17:05 of 1st period - Stopped by Igor Bobkov without a rebound.
17:06 of 1st period - Victor Rask wins face-off versus Michael Latta in Remparts zone.
17:19 of 1st period - Slapshot by Greg Pateryn.
17:19 of 1st period - Stopped by Igor Bobkov with a rebound.
18:19 of 1st period - Barclay Goodrow is hit by Cedric Paquette and loses puck.
19:38 of 1st period - Wrist shot by David Savard.
19:38 of 1st period - Stopped by Igor Bobkov without a rebound.
19:39 of 1st period - Aleksander Barkov wins face-off versus Philip Varone in Remparts zone.
Goals for this period are 1 for Remparts vs 0 for Inferno.
Shots for this period are 7 for Remparts vs 9 for Inferno.
2nd period
0:01 of 2nd period - Philip Varone wins face-off versus Pontus Aberg in neutral zone.
0:03 of 2nd period - Off-side.
0:04 of 2nd period - Philip Varone wins face-off versus Aleksander Barkov in neutral zone.
0:13 of 2nd period - Snap shot by Aleksander Barkov.
0:13 of 2nd period - Deflect By Pontus Aberg.
0:13 of 2nd period - Goal by Pontus Aberg - Remparts : 2 - Inferno : 0.
0:14 of 2nd period - Aleksander Barkov wins face-off versus Philip Varone in neutral zone.
0:26 of 2nd period - Off-side.
0:27 of 2nd period - Aleksander Barkov wins face-off versus Philip Varone in neutral zone.
0:56 of 2nd period - Wrist shot by Jake Virtanen.
0:56 of 2nd period - Deflect By Matthew Nieto.
0:56 of 2nd period - Shot Misses the Net.
0:56 of 2nd period - Puck is out of play.
0:57 of 2nd period - Kevin Labanc wins face-off versus Matt Puempel in Inferno zone.
1:02 of 2nd period - Snap shot by Victor Rask.
1:02 of 2nd period - Shot Misses the Net.
1:06 of 2nd period - Snap shot by Matthew Nieto.
1:06 of 2nd period - Shot Misses the Net.
1:08 of 2nd period - Backhand shot by Victor Rask.
1:08 of 2nd period - Shot Misses the Net.
1:10 of 2nd period - Snap shot by Rasmus Andersson.
1:10 of 2nd period - Stopped by Igor Bobkov without a rebound.
1:11 of 2nd period - Tobias Rieder wins face-off versus Philip Varone in Remparts zone.
1:40 of 2nd period - Off-side.
1:41 of 2nd period - Victor Rask wins face-off versus Michael Latta in neutral zone.
2:50 of 2nd period - Off-side.
2:51 of 2nd period - Quinton Howden wins face-off versus Ryan Spooner in neutral zone.
2:58 of 2nd period - Wrist shot by Jerry D'Amigo.
2:58 of 2nd period - Stopped by Michael Hutchinson with a rebound.
3:06 of 2nd period - Snap shot by Ryan Spooner.
3:06 of 2nd period - Stopped by Igor Bobkov without a rebound.
3:07 of 2nd period - Michael Latta wins face-off versus Philip Varone in Remparts zone.
3:37 of 2nd period - Victor Rask is hit by Niklas Hansson and loses puck.
4:06 of 2nd period - Minor Penalty to Chris Brown for Roughing.
4:07 of 2nd period - Aleksander Barkov wins face-off versus Philip Varone in Inferno zone.
4:37 of 2nd period - Slapshot by Michal Jordan.
4:37 of 2nd period - Deflect By Michael Latta.
4:37 of 2nd period - Shot Misses the Net.
4:37 of 2nd period - Puck is out of play.
4:38 of 2nd period - Ryan Spooner wins face-off versus Aleksander Barkov in Inferno zone.
5:42 of 2nd period - Philip Varone is hit by Michael Latta.
6:06 of 2nd period - Penalty to Chris Brown is over, Chris Brown is back on ice.
6:41 of 2nd period - Wrist shot by Cedric Paquette.
6:41 of 2nd period - Stopped by Michael Hutchinson without a rebound.
6:42 of 2nd period - Philip Varone wins face-off versus Pontus Aberg in Inferno zone.
6:42 of 2nd period - Philip Varone is hit by Pontus Aberg.
6:54 of 2nd period - Snap shot by Bryan Rust.
6:54 of 2nd period - Deflect By Pontus Aberg.
6:54 of 2nd period - Shot Hit the Post.
6:54 of 2nd period - Puck is out of play.
6:55 of 2nd period - Philip Varone wins face-off versus Michael Latta in Remparts zone.
6:59 of 2nd period - Minor Penalty to Jake Virtanen for Hooking.
7:00 of 2nd period - Victor Rask wins face-off versus Michael Latta in Remparts zone.
7:02 of 2nd period - Slapshot by Kevin Labanc.
7:02 of 2nd period - Shot Blocked by Tobias Rieder.
7:04 of 2nd period - Snap shot by Kevin Labanc.
7:04 of 2nd period - Shot Misses the Net.
7:08 of 2nd period - Snap shot by Victor Rask.
7:08 of 2nd period - Shot Misses the Net.
7:10 of 2nd period - Slapshot by Esa Lindell.
7:10 of 2nd period - Shot Blocked by Tobias Rieder.
7:12 of 2nd period - Snap shot by Victor Rask.
7:12 of 2nd period - Stopped by Igor Bobkov without a rebound.
7:13 of 2nd period - Victor Rask wins face-off versus Michael Latta in Remparts zone.
7:44 of 2nd period - Slapshot by Esa Lindell.
7:44 of 2nd period - Shot Blocked by Niklas Hansson.
8:59 of 2nd period - Penalty to Jake Virtanen is over, Jake Virtanen is back on ice.
9:06 of 2nd period - Snap shot by Aaron Ekblad.
9:06 of 2nd period - Shot Misses the Net.
9:08 of 2nd period - Slapshot by Kirill Kaprizov.
9:08 of 2nd period - Shot Blocked by Esa Lindell.
9:10 of 2nd period - Wrist shot by Griffin Reinhart.
9:10 of 2nd period - Shot Blocked by Chris Brown.
9:43 of 2nd period - Snap shot by Chris Brown.
9:43 of 2nd period - Shot Misses the Net.
10:56 of 2nd period - John Draeger is hit by Philip Varone.
11:16 of 2nd period - Ryan Spooner is hit by Roberts Lipsbergs and loses puck.
11:29 of 2nd period - Matt Puempel is hit by Barclay Goodrow.
11:33 of 2nd period - Niklas Hansson is hit by Rasmus Andersson and loses puck.
11:50 of 2nd period - Wrist shot by Kevin Labanc.
11:50 of 2nd period - Goal by Kevin Labanc - Remparts : 2 - Inferno : 1.
11:51 of 2nd period - Aleksander Barkov wins face-off versus Philip Varone in neutral zone.
12:08 of 2nd period - Wrist shot by Bryan Rust.
12:08 of 2nd period - Stopped by Igor Bobkov without a rebound.
12:09 of 2nd period - Victor Rask wins face-off versus Michael Latta in Remparts zone.
12:39 of 2nd period - Wrist shot by Aleksander Barkov.
12:39 of 2nd period - Shot Misses the Net.
12:41 of 2nd period - Snap shot by Tobias Rieder.
12:41 of 2nd period - Shot Misses the Net.
12:43 of 2nd period - Slapshot by Griffin Reinhart.
12:43 of 2nd period - Shot Misses the Net.
12:53 of 2nd period - Slapshot by Griffin Reinhart.
12:53 of 2nd period - Stopped by Michael Hutchinson with a rebound.
13:40 of 2nd period - Snap shot by Matt Puempel.
13:40 of 2nd period - Stopped by Michael Hutchinson without a rebound.
13:41 of 2nd period - Victor Rask wins face-off versus Aleksander Barkov in Inferno zone.
13:41 of 2nd period - Victor Rask is hit by Aleksander Barkov.
14:09 of 2nd period - Snap shot by Kevin Labanc.
14:09 of 2nd period - Shot Blocked by Michal Jordan.
14:11 of 2nd period - Minor Penalty to Tobias Rieder for Hooking.
14:12 of 2nd period - Ryan Spooner wins face-off versus Michael Latta in Remparts zone.
14:46 of 2nd period - Slapshot by Esa Lindell.
14:46 of 2nd period - Shot Blocked by Niklas Hansson.
14:48 of 2nd period - Wrist shot by Kevin Labanc.
14:48 of 2nd period - Shot Misses the Net.
14:50 of 2nd period - Slapshot by David Savard.
14:50 of 2nd period - Deflect By Victor Rask.
14:50 of 2nd period - Stopped by Igor Bobkov without a rebound.
14:51 of 2nd period - Victor Rask wins face-off versus Michael Latta in Remparts zone.
15:10 of 2nd period - Roberts Lipsbergs is hit by Greg Pateryn and loses puck.
15:21 of 2nd period - Slapshot by Esa Lindell.
15:21 of 2nd period - Shot Blocked by William Colbert.
15:31 of 2nd period - Victor Rask is hit by Kirill Kaprizov.
16:11 of 2nd period - Penalty to Tobias Rieder is over, Tobias Rieder is back on ice.
16:16 of 2nd period - Quinton Howden is hit by Evgeny Svechnikov and loses puck.
16:33 of 2nd period - Slapshot by Greg Pateryn.
16:33 of 2nd period - Shot Blocked by Aaron Ekblad.
16:35 of 2nd period - Slapshot by Greg Pateryn.
16:35 of 2nd period - Deflect By Chris Brown.
16:35 of 2nd period - Shot Blocked by Niklas Hansson.
16:35 of 2nd period - Puck is out of play.
16:36 of 2nd period - Aleksander Barkov wins face-off versus Philip Varone in Remparts zone.
16:36 of 2nd period - Aleksander Barkov is hit by Tanner Pearson.
17:03 of 2nd period - Jerry D'Amigo is hit by Matthew Nieto and loses puck.
17:46 of 2nd period - Wrist shot by Michael Latta.
17:46 of 2nd period - Shot Misses the Net.
17:48 of 2nd period - Slapshot by Griffin Reinhart.
17:48 of 2nd period - Stopped by Michael Hutchinson without a rebound.
17:49 of 2nd period - Michael Latta wins face-off versus Philip Varone in Inferno zone.
17:54 of 2nd period - Wrist shot by Jake Virtanen.
17:54 of 2nd period - Deflect By David Savard.
17:54 of 2nd period - Shot Blocked by Tanner Pearson.
17:54 of 2nd period - Puck is out of play.
17:55 of 2nd period - Pontus Aberg wins face-off versus Philip Varone in Inferno zone.
17:58 of 2nd period - Snap shot by Aleksander Barkov.
17:58 of 2nd period - Shot Misses the Net.
18:00 of 2nd period - Wrist shot by Tobias Rieder.
18:00 of 2nd period - Stopped by Michael Hutchinson with a rebound.
18:02 of 2nd period - Snap shot by Pontus Aberg.
18:02 of 2nd period - Shot Blocked by Philip Varone.
18:04 of 2nd period - Slapshot by Michal Jordan.
18:04 of 2nd period - Stopped by Michael Hutchinson with a rebound.
18:06 of 2nd period - Snap shot by Tobias Rieder.
18:06 of 2nd period - Stopped by Michael Hutchinson without a rebound.
18:07 of 2nd period - Aleksander Barkov wins face-off versus Philip Varone in Inferno zone.
18:08 of 2nd period - Snap shot by Tobias Rieder.
18:08 of 2nd period - Shot Hit the Post.
18:10 of 2nd period - Slapshot by Michal Jordan.
18:10 of 2nd period - Deflect By Pontus Aberg.
18:10 of 2nd period - Shot Misses the Net.
18:10 of 2nd period - Puck is out of play.
18:11 of 2nd period - Philip Varone wins face-off versus Aleksander Barkov in Inferno zone.
18:11 of 2nd period - Philip Varone is hit by Tobias Rieder.
18:53 of 2nd period - Snap shot by Tobias Rieder.
18:53 of 2nd period - Shot Misses the Net.
18:55 of 2nd period - Slapshot by Michal Jordan.
18:55 of 2nd period - Shot Misses the Net.
18:57 of 2nd period - Slapshot by Michal Jordan.
18:57 of 2nd period - Deflect By Aleksander Barkov.
18:57 of 2nd period - Shot Misses the Net.
18:57 of 2nd period - Puck is out of play.
18:58 of 2nd period - Michael Latta wins face-off versus Philip Varone in Inferno zone.
18:59 of 2nd period - Snap shot by Jake Virtanen.
18:59 of 2nd period - Stopped by Michael Hutchinson with a rebound.
19:01 of 2nd period - Snap shot by Matt Puempel.
19:01 of 2nd period - Stopped by Michael Hutchinson without a rebound.
19:02 of 2nd period - Philip Varone wins face-off versus Michael Latta in Inferno zone.
19:13 of 2nd period - Wrist shot by Michael Latta.
19:13 of 2nd period - Deflect By Matt Puempel.
19:13 of 2nd period - Stopped by Michael Hutchinson with a rebound.
19:15 of 2nd period - Slapshot by William Colbert.
19:15 of 2nd period - Shot Misses the Net.
19:26 of 2nd period - Icing by Bryan Rust.
19:27 of 2nd period - Quinton Howden wins face-off versus Victor Rask in Inferno zone.
19:28 of 2nd period - Slapshot by Jerry D'Amigo.
19:28 of 2nd period - Stopped by Michael Hutchinson without a rebound.
19:29 of 2nd period - Victor Rask wins face-off versus Kirill Kaprizov in Inferno zone.
Goals for this period are 1 for Remparts vs 1 for Inferno.
Shots for this period are 13 for Remparts vs 6 for Inferno.
3rd period
0:01 of 3rd period - Aleksander Barkov wins face-off versus Philip Varone in neutral zone.
0:26 of 3rd period - Jake Virtanen is hit by David Savard and loses puck.
0:35 of 3rd period - Michael Latta is hit by Mathieu Brodeur and loses puck.
0:50 of 3rd period - Snap shot by Chris Brown.
0:50 of 3rd period - Deflect By Barclay Goodrow.
0:50 of 3rd period - Shot Misses the Net.
0:50 of 3rd period - Puck is out of play.
0:51 of 3rd period - Aleksander Barkov wins face-off versus Chris Brown in Remparts zone.
1:13 of 3rd period - Minor Penalty to Tobias Rieder for Holding.
1:14 of 3rd period - Michael Latta wins face-off versus Victor Rask in Remparts zone.
1:56 of 3rd period - Jake DeBrusk is hit by John Draeger and loses puck.
2:21 of 3rd period - Snap shot by Tanner Pearson.
2:21 of 3rd period - Stopped by Igor Bobkov without a rebound.
2:22 of 3rd period - Victor Rask wins face-off versus Michael Latta in Remparts zone.
2:28 of 3rd period - Icing by Greg Pateryn.
2:29 of 3rd period - Michael Latta wins face-off versus Victor Rask in Inferno zone.
2:30 of 3rd period - Slapshot by Aaron Ekblad.
2:30 of 3rd period - Shot Blocked by Victor Rask.
2:37 of 3rd period - Off-side.
2:38 of 3rd period - Victor Rask wins face-off versus Michael Latta in neutral zone.
2:43 of 3rd period - Wrist shot by Esa Lindell.
2:43 of 3rd period - Deflect By Aaron Ekblad.
2:43 of 3rd period - Goal by Esa Lindell - Remparts : 2 - Inferno : 2.
2:44 of 3rd period - Aleksander Barkov wins face-off versus Philip Varone in neutral zone.
2:51 of 3rd period - Snap shot by Pontus Aberg.
2:51 of 3rd period - Stopped by Michael Hutchinson without a rebound.
2:52 of 3rd period - Aleksander Barkov wins face-off versus Philip Varone in Inferno zone.
3:07 of 3rd period - Snap shot by Pontus Aberg.
3:07 of 3rd period - Stopped by Michael Hutchinson with a rebound.
3:13 of 3rd period - Tanner Pearson is hit by Aaron Ekblad and loses puck.
3:29 of 3rd period - Slapshot by Esa Lindell.
3:29 of 3rd period - Stopped by Igor Bobkov without a rebound.
3:30 of 3rd period - Victor Rask wins face-off versus Michael Latta in Remparts zone.
3:43 of 3rd period - Slapshot by Michael Latta.
3:43 of 3rd period - Goal by Michael Latta - Remparts : 3 - Inferno : 2.
3:44 of 3rd period - Philip Varone wins face-off versus Aleksander Barkov in neutral zone.
3:49 of 3rd period - Snap shot by Tanner Pearson.
3:49 of 3rd period - Stopped by Igor Bobkov with a rebound.
4:18 of 3rd period - Wrist shot by Michael Latta.
4:18 of 3rd period - Goal by Michael Latta - Remparts : 4 - Inferno : 2.
4:19 of 3rd period - Philip Varone wins face-off versus Aleksander Barkov in neutral zone.
4:30 of 3rd period - Wrist shot by Tanner Pearson.
4:30 of 3rd period - Stopped by Igor Bobkov without a rebound.
4:31 of 3rd period - Philip Varone wins face-off versus Aleksander Barkov in Remparts zone.
4:45 of 3rd period - Minor Penalty to Aleksander Barkov for Roughing.
4:46 of 3rd period - Michael Latta wins face-off versus Victor Rask in Remparts zone.
4:53 of 3rd period - Off-side.
4:54 of 3rd period - Victor Rask wins face-off versus Michael Latta in neutral zone.
5:20 of 3rd period - Snap shot by Quinton Howden.
5:20 of 3rd period - Shot Blocked by Victor Rask.
5:28 of 3rd period - Quinton Howden is hit by Victor Rask and loses puck.
5:50 of 3rd period - William Colbert is hit by David Savard.
6:45 of 3rd period - Penalty to Aleksander Barkov is over, Aleksander Barkov is back on ice.
7:18 of 3rd period - Wrist shot by Tanner Pearson.
7:18 of 3rd period - Stopped by Igor Bobkov without a rebound.
7:19 of 3rd period - Ryan Spooner wins face-off versus Quinton Howden in Remparts zone.
7:29 of 3rd period - Minor Penalty to William Colbert for Hooking.
7:30 of 3rd period - Quinton Howden wins face-off versus Ryan Spooner in Remparts zone.
8:24 of 3rd period - Griffin Reinhart is hit by Peter Cehlarik and loses puck.
8:59 of 3rd period - Matthew Nieto is hit by Tobias Rieder and loses puck.
9:29 of 3rd period - Penalty to William Colbert is over, William Colbert is back on ice.
9:40 of 3rd period - Slapshot by Michal Jordan.
9:40 of 3rd period - Shot Misses the Net.
9:43 of 3rd period - Icing by David Savard.
9:44 of 3rd period - Philip Varone wins face-off versus Michael Latta in Inferno zone.
10:14 of 3rd period - Slapshot by Jerry D'Amigo.
10:14 of 3rd period - Goal by Jerry D'Amigo - Remparts : 5 - Inferno : 2.
10:15 of 3rd period - Philip Varone wins face-off versus Tobias Rieder in neutral zone.
10:24 of 3rd period - Wrist shot by Bryan Rust.
10:24 of 3rd period - Shot Misses the Net.
10:26 of 3rd period - Slapshot by Mathieu Brodeur.
10:26 of 3rd period - Shot Blocked by Michal Jordan.
10:28 of 3rd period - Wrist shot by Greg Pateryn.
10:28 of 3rd period - Stopped by Igor Bobkov without a rebound.
10:29 of 3rd period - Victor Rask wins face-off versus Jake Virtanen in Remparts zone.
11:04 of 3rd period - Wrist shot by Tobias Rieder.
11:04 of 3rd period - Shot Blocked by David Savard.
11:22 of 3rd period - Slapshot by Jerry D'Amigo.
11:22 of 3rd period - Shot Misses the Net.
11:54 of 3rd period - Chris Brown is hit by William Colbert and loses puck.
12:20 of 3rd period - Slapshot by Bryan Rust.
12:20 of 3rd period - Shot Misses the Net.
12:22 of 3rd period - Slapshot by Bryan Rust.
12:22 of 3rd period - Stopped by Igor Bobkov with a rebound.
12:24 of 3rd period - Snap shot by Bryan Rust.
12:24 of 3rd period - Stopped by Igor Bobkov without a rebound.
12:25 of 3rd period - Victor Rask wins face-off versus Aleksander Barkov in Remparts zone.
12:30 of 3rd period - Wrist shot by Kevin Labanc.
12:30 of 3rd period - Shot Misses the Net.
12:32 of 3rd period - Snap shot by Victor Rask.
12:32 of 3rd period - Shot Blocked by Aleksander Barkov.
12:34 of 3rd period - Wrist shot by Kevin Labanc.
12:34 of 3rd period - Shot Misses the Net.
12:36 of 3rd period - Slapshot by Frank Corrado.
12:36 of 3rd period - Deflect By Aaron Ekblad.
12:36 of 3rd period - Stopped by Igor Bobkov with a rebound.
12:38 of 3rd period - Snap shot by Rasmus Andersson.
12:38 of 3rd period - Shot Misses the Net.
12:46 of 3rd period - Minor Penalty to Tobias Rieder for Hooking.
12:47 of 3rd period - Victor Rask wins face-off versus Michael Latta in Remparts zone.
13:02 of 3rd period - Snap shot by Kevin Labanc.
13:02 of 3rd period - Shot Misses the Net.
14:46 of 3rd period - Penalty to Tobias Rieder is over, Tobias Rieder is back on ice.
14:58 of 3rd period - Icing by John Draeger.
14:59 of 3rd period - Cedric Paquette wins face-off versus Chris Brown in Remparts zone.
15:20 of 3rd period - Griffin Reinhart is hit by Chris Brown and loses puck.
15:39 of 3rd period - Peter Cehlarik is hit by Pontus Aberg and loses puck.
16:03 of 3rd period - Snap shot by Chris Brown.
16:03 of 3rd period - Shot Misses the Net.
16:05 of 3rd period - Snap shot by Barclay Goodrow.
16:05 of 3rd period - Stopped by Igor Bobkov without a rebound.
16:06 of 3rd period - Philip Varone wins face-off versus Michael Latta in Remparts zone.
17:20 of 3rd period - Off-side.
17:21 of 3rd period - Philip Varone wins face-off versus Michael Latta in neutral zone.
17:36 of 3rd period - Snap shot by Philip Varone.
17:36 of 3rd period - Stopped by Igor Bobkov without a rebound.
17:37 of 3rd period - Victor Rask wins face-off versus Aleksander Barkov in Remparts zone.
17:44 of 3rd period - Snap shot by Kevin Labanc.
17:44 of 3rd period - Goal by Kevin Labanc - Remparts : 5 - Inferno : 3.
17:45 of 3rd period - Quinton Howden wins face-off versus Ryan Spooner in neutral zone.
17:47 of 3rd period - Off-side.
17:48 of 3rd period - Quinton Howden wins face-off versus Jake DeBrusk in neutral zone.
17:55 of 3rd period - Wrist shot by Jerry D'Amigo.
17:55 of 3rd period - Stopped by Michael Hutchinson without a rebound.
17:56 of 3rd period - Ryan Spooner wins face-off versus Quinton Howden in Inferno zone.
18:26 of 3rd period - Snap shot by Cedric Paquette.
18:26 of 3rd period - Shot Misses the Net.
18:28 of 3rd period - Slapshot by John Draeger.
18:28 of 3rd period - Shot Misses the Net.
18:30 of 3rd period - Slapshot by John Draeger.
18:30 of 3rd period - Shot Misses the Net.
19:02 of 3rd period - Jake Virtanen is hit by Bryan Rust and loses puck.
19:13 of 3rd period - Snap shot by Quinton Howden.
19:13 of 3rd period - Stopped by Michael Hutchinson with a rebound.
19:15 of 3rd period - Slapshot by Griffin Reinhart.
19:15 of 3rd period - Shot Misses the Net.
19:57 of 3rd period - Jake DeBrusk is hit by Michael Latta and loses puck.
Goals for this period are 3 for Remparts vs 2 for Inferno.
Shots for this period are 7 for Remparts vs 13 for Inferno.
Output by the SimonT Hockey Simulator (STHS) for Francois Prevost